 Dungeon Crawl Stone Soup version 0.27.0-1-g7a089689b8 (webtiles) character file.

Game seed: 13808119486872833031

2 BOMJPIETVODKU the Ruffian (level 1, -3/16 HPs)
             Began as a Draconian Transmuter on Aug 3, 2021.
             Slain by a goblin (4 damage)
             ... led by Robin
             ... on level 2 of the Dungeon.
             The game lasted 00:01:11 (249 turns).

BOMJPIETVODKU the Ruffian (Draconian Transmuter)     Turns: 249, Time: 00:01:14

Health: -3/16      AC:  4    Str: 12    XL:     1   Next: 33%
Magic:  2/3        EV: 12    Int: 13    God:
Gold:   0          SH:  0    Dex: 11    Spells: 3/4 levels left

rFire    . . .     SeeInvis .     - Unarmed
rCold    . . .     Faith    .   (no shield)
rNeg     . . .     Spirit   .   (armour unavailable)
rPois    .         Reflect  .   (helmet currently unavailable)
rElec    .         Harm     .   (no cloak)
rCorr    .         Rampage  .   (no gloves)
Will     .....                  (boots currently unavailable)
Stlth    +.........             (no amulet)
HPRegen  0.05/turn              (no ring)
MPRegen  0.08/turn              (no ring)

@: lethally poisoned (-3 -> -11), appendages
A: horns 2, talons 2, AC +4, unfitting armour, cold-blooded
a: End Transformation


You were on level 2 of the Dungeon.
You had temporarily grown beastly horns and talons.
You visited 1 branch of the dungeon, and saw 2 of its levels.

Inventory:

Scrolls
 a - a scroll of magic mapping {unknown}
 b - a scroll of immolation {unknown}


   Skills:
 * Level 1.2 Fighting
 + Level 1.7 Dodging
 + Level 3.0 Unarmed Combat
 + Level 2.0 Spellcasting
 + Level 2.0 Transmutations


You had 3 spell levels left.
You knew the following spells:

 Your Spells              Type           Power      Damage    Failure   Level
a - Beastly Appendage     Tmut           12%        N/A       11%         1

Your spell library contained the following spells:

 Spells                   Type           Power      Damage    Failure   Level
 Wereblood                Tmut           6%         N/A       17%         2
 Spider Form              Tmut/Pois      1%         N/A       45%         3
 Gell's Gravitas          Tloc           0%         N/A       58%         3
 Teleport Other           Tloc           1%         N/A       58%         3
 Ice Form                 Ice/Tmut       3%         N/A       86%         4
 Dispersal                Tloc           0%         N/A       100%        6


Dungeon Overview and Level Annotations

Branches:
Dungeon (1/15)

Altars:

Annotations:
D:2 Robin


Innate Abilities, Weirdness & Mutations

You have temporarily grown beastly horns and talons.
Your plain brown scales are hard. (AC +4)
You cannot fit into any form of body armour.
You are cold-blooded and may be slowed by cold attacks.


Message History

The goblin shouts!
A goblin comes into view. It is wielding a +0 club.
The goblin shouts!
A goblin comes into view. It is wielding a +0 dagger.
The goblin shouts!
A goblin comes into view. It is wielding a +0 club.
The goblin shouts!
A goblin comes into view. It is wielding a +0 club.
The goblin shouts!
A goblin comes into view. It is wielding a +0 dagger.
The goblin shouts!
Found 13 gold pieces.
Found an escape hatch in the floor.
A goblin and Robin come into view.
Robin is wielding a +2 spear of venom.
The goblin is wielding a +2 dagger of venom.
You grow a pair of large bovine horns.
Your feet morph into talons.
Robin roars a battlecry!
The goblins go into a battle-frenzy!
The goblin hits you but does no damage. x2
You hit Robin. You claw Robin. Your headbutt misses Robin.
You punch Robin, but do no damage.
Robin is moderately wounded.
The hobgoblin barely misses you. The goblin barely misses you.
The goblin completely misses you. The goblin hits you but does no damage.
Robin hits you with a +2 spear of venom.
You are lethally poisoned!
The goblin hits you but does no damage.
You closely miss Robin.
Robin is moderately wounded.
You feel very sick. The goblin completely misses you.
The goblin hits you with a +0 dagger. x2
* * * LOW HITPOINT WARNING * * *
The hobgoblin barely misses you. The goblin barely misses you.
Robin throws the goblin at you! The goblin hits you but does no damage.
You hit Robin.
Robin is severely wounded.
* * * LOW HITPOINT WARNING * * *
You feel very sick. The goblin barely misses you.
The hobgoblin barely misses you. The goblin hits you with a +0 dagger.
You die...

... $...
##..#########
............#
............#
.......g....#
......ggg...#
.....gg@g...#
.....gggg...#
...#..#######
# .... #....
#.... #>..
#...


You could see Robin, a hobgoblin (strong) and 9 goblins.

Vanquished Creatures
  An endoplasm (D:1)
  A ball python (D:1)
  A frilled lizard (D:1)
3 creatures vanquished.

Notes
Turn   | Place    | Note
-------+----------+-------------------------------------------
     0 | D:1      | BOMJPIETVODKU the Draconian Transmuter began the quest for
                  | the Orb.
     0 | D:1      | Reached XP level 1. HP: 16/16 MP: 3/3
   245 | D:1      | You fall into a shaft and drop 1 floor!
   246 | D:2      | Noticed Robin
   249 | D:2      | Slain by a goblin

Illustrated notes

Levels and vault maps discovered:
D:1:      tarquinn_simple_flora_water_b, layout_basic
D:2:      cheibrodos_pilgrimage, layout_basic, serial_shops,
          nicolae_diamond_shop, minmay_tetromino_l4, uniq_robin

Action                   || total
-------------------------++-------
Melee: Unarmed           ||    10
       Kick              ||     2
       Headbutt          ||     1
       Tailslap          ||     1
       Punch             ||     1
 Cast: Beastly Appendage ||     4
Armor: Skin              ||     7
Dodge: Dodged            ||    14
